[Event "Czech Open-GM 2022"]
[Site "Pardubice"]
[Date "2022.07.27"]
[Round "6.9"]
[White "Tahay, Alexis"]
[Black "Dixit, Nikhil"]
[Result "1-0"]
[ECO "C11"]
[WhiteElo "2393"]
[BlackElo "2325"]
[Annotator "TA"]
[PlyCount "85"]
[EventDate "2022.07.22"]
[EventType "swiss"]
[EventCountry "CZE"]
[SourceTitle "playchess.com"]
[Source "ChessBase"]
[SourceQuality "1"]
[TimeControl "40/5400+30:1800+30"]

1. e4 e6 2. d4 d5 3. Nc3 Nf6 4. e5 Nfd7 5. f4 c5 6. Nf3 Nc6 7. Be3 a6 8. Ne2 {[%emt 0:01:17] C11: French: Classical System: 4 e5 and 4 Bg5 dxe4.} b5 9. g3 {[%emt 0:05:28] [#]} f5 $146 (9... b4 $11 {remains equal.}) ({Predecessor:} 9... Qa5+ 10. Kf2 Be7 11. h4 O-O 12. c3 b4 13. Qc2 bxc3 14. bxc3 f5 15. Nc1 Rb8 {½-½ (40) Bacrot,E (2678)-McShane,L (2672) Batumi 2018}) 10. Bh3 {[%emt 0:03:31] White is better.} (10. exf6 $5 Qxf6 11. Bg2 $14) 10... cxd4 11. Nexd4 Nxd4 12. Bxd4 (12. Nxd4 $16 Nc5 13. Bg2) 12... Nc5 13. Qe2 Bd7 (13... Qa5+ $11 14. Nd2 Ne4) 14. O-O-O Qa5 15. Kb1 {[%emt 0:01:23] And now g4 would win.} b4 $2 (15... h5 $1 $14) 16. g4 $1 $18 Ne4 17. Qe3 (17. gxf5 $18 {has better winning chances.} Nc3+ 18. Bxc3 (18. bxc3 bxc3 19. Nd2 Qa3 $11) 18... bxc3 19. Nd4 (19. fxe6 Qb4 20. exd7+ Kd8)) 17... Rb8 (17... fxg4 $16 18. Bxg4 Rc8) 18. Nd2 (18. gxf5 $18 exf5 19. Rhe1 Nc3+ 20. Bxc3 (20. bxc3 $2 bxc3+ 21. Ka1 Rb2 22. Bxc3 Qxa2#) 20... bxc3 21. b3) 18... Rc8 19. Nxe4 (19. gxf5 $16 exf5 20. Bf1) 19... dxe4 ({Better is} 19... fxe4 $14 20. f5 Bc5) 20. Rd2 {[%emt 0:01:12] Black must now prevent Rhd1.} Qb5 $2 (20... h5 $16) 21. Rhd1 Rc7 (21... Rc3 {was called for.}) 22. b3 (22. Bb6 Rb7 23. Qg1 (23. gxf5 exf5 24. Bf1 Qc6 $18) 23... fxg4 $18) 22... Qc6 23. Bf1 (23. Bb6 Rb7 24. Bf1 (24. gxf5 exf5 25. Bf1 Be6 $16) 24... Qxb6 $18) 23... Be7 24. gxf5 (24. Bb6 Rb7 25. gxf5 exf5 $18) 24... exf5 25. Qg3 $2 (25. Bb6 $18 Rb7 26. Bc4 $1) 25... Qg6 (25... Rg8 $142) 26. Qxg6+ (26. Qf2 $16 {aiming for Bb6.} Bb5 27. Bb6) 26... hxg6 $14 27. Bxa6 {[%emt 0:00:04] Hoping for Bb6.} Rh4 $2 (27... Rh7 $14) 28. Bb6 $18 Rc6 29. Rxd7 (29. Bd8 $142 Bxd8 30. Rxd7) 29... Rxb6 {[%emt 0:00:19] [#]} 30. Bc4 {[%emt 0:02:21] 0x0.00168730a2b3dp-1022s more active pieces.} ({Only move:} 30. Ra7 $1 $16 Rb8 31. Rd2) 30... Rxh2 $11 31. Ra7 {[%emt 0:00:43] Threatening mate with Ra8+.} Rb8 {[%emt 0:00:20] Inhibits Ra8.} 32. Rdd7 Bc5 33. Rac7 $36 {[%emt 0:00:28][%mdl 2048] White fights for an advantage.} Rh1+ (33... Bb6 $11 34. Re7+ Kf8 35. Rf7+ Kg8) 34. Kb2 $14 {[%emt 0:00:01] Threatens to win with Bf7+.} Be3 $2 ({Black should try} 34... Bb6 $14) 35. a4 $18 ({But not} 35. Re7+ $2 Kf8 36. Rf7+ Kg8 37. Rfd7+ (37. Rxg7+ $2 Kh8 $19) 37... Kh8 $19) 35... Bxf4 $2 (35... Bb6 36. e6 (36. Rxg7 Bd4+ 37. c3 Bxc3+ 38. Kc2 Rh2+ 39. Kc1 Rh1+ 40. Kc2 Rh2+ 41. Kc1 Rh1+ 42. Kc2 $11) 36... Bxc7 37. Rxc7 Rd1 38. Rxg7 Kf8 39. Rf7+ Ke8) 36. Re7+ Kf8 37. Rf7+ Ke8 38. Ka2 e3 39. Rxg7 Rh8 40. Bb5+ {[%emt 0:00:05] White mates.} Kd8 41. Rgd7+ Ke8 42. Rh7+ Kd8 43. Rcd7+ {[%emt 0:00:05] Weighted Error Value: White=0.49/Black=0.94} 1-0

[Event "Czech Open-GM 2022"]
[Site "Pardubice"]
[Date "2022.07.27"]
[Round "6.10"]
[White "Sorm, Daniel"]
[Black "Bronstein, Or"]
[Result "0-1"]
[ECO "D35"]
[WhiteElo "2308"]
[BlackElo "2476"]
[Annotator "TA"]
[PlyCount "70"]
[EventDate "2022.07.22"]
[EventType "swiss"]
[EventCountry "CZE"]
[SourceTitle "playchess.com"]
[Source "ChessBase"]
[SourceQuality "1"]
[TimeControl "40/5400+30:1800+30"]

1. d4 Nf6 2. c4 e6 3. Nc3 d5 4. cxd5 exd5 5. Bg5 c6 6. e3 h6 7. Bh4 Be7 8. Bd3 O-O 9. Nge2 {[%emt 0:03:18] D35: Queen's Gambit Declined: Exchange Variation.} Re8 10. O-O Nbd7 11. f3 {[%emt 0:01:14] The position is equal.} b5 12. a3 Nb6 {[%emt 0:08:00] [#]} 13. Bf2 $146 ({Predecessor:} 13. b3 a5 14. e4 a4 15. b4 Bb7 16. e5 Nh7 17. Bf2 Nf8 18. f4 f6 19. Ng3 {1-0 (25) Jenner,E (1760)-Boschmann,W (1519) Ditzingen 2015}) 13... Bd7 14. Kh1 Nc4 15. Qc1 c5 16. b3 Na5 17. Bc2 {[%emt 0:01:25] And now dxc5 would win.} cxd4 18. exd4 Rc8 19. Qd1 Nb7 20. Qd3 Nd6 21. g4 ({Better is} 21. Rfc1 $11) 21... Nde4 22. Be1 {[%emt 0:00:51] [#]} ({Don't play} 22. fxe4 dxe4 23. Qe3 (23. Nxe4 $2 Nxe4 24. Kg1 Bd6 $19) 23... Bxg4 24. Bxe4 Bxe2 25. Nxe2 Bd6 $14) (22. Bh4 $11 {keeps the balance.}) 22... Nxc3 {[%emt 0:01:01] Black is more active.} (22... Bd6 $1 $17) 23. Nxc3 $15 Qc7 24. b4 (24. Ra2 $15 Qc6 25. Bb1) 24... Bd6 $17 {[%emt 0:03:39][%cal Oe8e1] Threatens to win with ...Rxe1!} 25. Bd2 Bxh2 {[%emt 0:02:40] White must now prevent ...Qg3.} 26. f4 Bxg4 27. Bd1 $2 (27. Rac1 $11) 27... Bxd1 $19 28. Raxd1 {[%emt 0:02:18] [#]} Ng4 (28... Qd7 $1 $19 {[%cal Rd7g4] and Black stays clearly on top. Strongly threatening ...Qg4!} 29. Rde1 Ng4) 29. Qf5 $17 h5 (29... Ne3 30. Bxe3 Qxc3 31. Rc1 Qxe3 32. Rxc8 $11) 30. Qxh5 Ne3 $36 {[%emt 0:03:55][%mdl 2048] Black is pushing. Dancing on a razor blade.} 31. Bxe3 Qxc3 ({Black should try} 31... Rxe3 32. Nxd5 {[#]} Qc6 $1) 32. Bd2 $11 Qd3 33. Qxh2 $2 (33. Rf3 $16 Qe4 34. Re1) 33... Re2 $19 {[%emt 0:00:17] Black is clearly winning.} 34. Rf2 Rxf2 {[%emt 0:00:07][%mdl 64] Deflection} 35. Qxf2 Qh3+ {[%emt 0:00:06] Weighted Error Value: White=0.40/Black=0.23 (precise)} 0-1

[Event "Czech Open-GM 2022"]
[Site "Pardubice"]
[Date "2022.07.27"]
[Round "6.11"]
[White "Haring, Filip"]
[Black "Mladek, Richard"]
[Result "1/2-1/2"]
[ECO "A08"]
[WhiteElo "2451"]
[BlackElo "2330"]
[Annotator "TA"]
[PlyCount "49"]
[EventDate "2022.07.22"]
[EventType "swiss"]
[EventCountry "CZE"]
[SourceTitle "playchess.com"]
[Source "ChessBase"]
[SourceQuality "1"]
[TimeControl "40/5400+30:1800+30"]

1. Nf3 d5 2. g3 c5 3. Bg2 Nc6 4. d4 Nf6 5. O-O e6 6. c4 dxc4 7. Qa4 Bd7 8. dxc5 Na5 {[%emt 0:02:55] The position is equal.} 9. Qa3 {[%emt 0:13:54] E04: Open Catalan: 5 Nf3.} b6 10. b4 $1 cxb3 $1 11. axb3 Bxc5 12. b4 Be7 (12... Nc4 $2 13. Qb3 $18) 13. Ne5 {[%emt 0:03:52] [#] Hoping for Qb2.} Rc8 14. Rd1 Nc4 15. Nxc4 Rxc4 16. Qxa7 O-O 17. Bg5 {[%emt 0:08:56] [#]} h6 $146 ({Predecessor:} 17... Nd5 18. Bxe7 Qxe7 19. Bxd5 exd5 20. Na3 Rxb4 21. Nc2 Rb2 22. Nd4 Qd6 23. Rab1 Rxb1 24. Rxb1 {0-1 (37) Hulak,K (2470)-Afifi,A Budva 1981}) 18. Bxf6 Bxf6 19. Ra2 Rc7 (19... Rxb4 $2 20. Rad2 $18) 20. Qxb6 {[%emt 0:07:52] [#]} Rc1 $1 21. Qd6 Be7 {[%emt 0:04:39] A strong pair of Bishops.} 22. Qd2 Rxd1+ 23. Qxd1 {[%emt 0:00:06] Black must now prevent Rd2.} Bxb4 24. Qd4 Be7 25. Ra7 {[%emt 0:05:05] An even fight not without its subleties.  Weighted Error Value: White=0.04 (flawless) /Black=0.02 (flawless)} 1/2-1/2

[Event "Czech Open-GM 2022"]
[Site "Pardubice"]
[Date "2022.07.27"]
[Round "6.12"]
[White "Pantzar, Milton"]
[Black "Hansch, Karsten"]
[Result "1-0"]
[ECO "D30"]
[WhiteElo "2447"]
[BlackElo "2320"]
[Annotator "TA"]
[PlyCount "88"]
[EventDate "2022.07.22"]
[EventType "swiss"]
[EventCountry "CZE"]
[SourceTitle "playchess.com"]
[Source "ChessBase"]
[SourceQuality "1"]
[TimeControl "40/5400+30:1800+30"]

1. d4 d5 2. c4 e6 3. Nf3 Nf6 4. g3 Bb4+ 5. Bd2 Be7 6. Bg2 O-O 7. O-O Nbd7 8. Qc2 c6 9. Bf4 $1 {[%emt 0:06:54] 9.Bf4 scores better than 9.Rd1.} dxc4 10. Nbd2 {[%emt 0:06:41] E08: Closed Catalan: Main Line: 7 Qc2.} Nd5 11. Nxc4 Nxf4 12. gxf4 {[%emt 0:00:08] [#] The position is equal.} c5 $146 (12... f6 $11) ({Predecessor:} 12... Nb6 13. Nce5 f6 14. Nd3 Bd6 15. e3 Nd5 16. Rac1 Bd7 17. Nc5 Qc7 18. Qb3 Rab8 19. Ne1 Kh8 {1-0 (71) Hegener,T (1682)-Becker,J (1650) Playchess.com INT 2020}) 13. Rac1 Qc7 14. e3 Rb8 15. Nce5 Nxe5 16. Nxe5 (16. dxe5 b5 $11) 16... f6 17. Nd3 {[%emt 0:04:50] 0x0.001e3b1a1b19dp-1022s more active pieces. The black rooks are badly placed.} b6 18. Rfd1 Ba6 {[%emt 0:07:37] [#]} (18... Bb7 $14) 19. dxc5 (19. Nb4 $1 $16 Bb7 20. Qb3) 19... Bxd3 (19... bxc5 $14 20. Nxc5 Bxc5 21. Qxc5 Qxc5 22. Rxc5 Rxb2) 20. Rxd3 $16 {[%emt 0:02:10] aiming for Qc4.} bxc5 21. Qc4 Rb6 22. b4 Rc8 23. b5 f5 $2 (23... Rd6 $16) 24. Bc6 Rxc6 25. bxc6 Qxc6 26. Ra3 Rd8 27. e4 Kf8 28. Ra6 ({Much less strong is} 28. Rxa7 $6 fxe4 29. Qe2 (29. Qc3 Bf6 $14) 29... Rd4 $18) (28. exf5 $6 exf5 29. Rxa7 Qg6+ 30. Kf1 Qc6 $16) 28... Qxe4 29. Qxe4 fxe4 30. Rxa7 $18 {[%emt 0:02:58][%mdl 4096] Endgame KRR-KRB} Bf6 31. a4 Bd4 32. Kg2 Rb8 33. Rc2 Rb4 34. a5 {[%emt 0:01:48] And now Ra2 would win.} Ra4 {[%emt 0:00:25] Against Ra2} 35. Rd2 Ke8 36. Rd1 {[%emt 0:00:51] White is clearly winning.} Kd8 (36... Rb4 $142 37. a6 Rb6) 37. Rb1 Kc8 {[%emt 0:00:04] Inhibits Rb8+.} 38. a6 c4 39. Ra8+ Kc7 40. Rb7+ Kc6 41. Rc8+ Kd6 42. Rd8+ Kc5 43. a7 {[%emt 0:01:05] Rc8+ is the strong threat.} Kc6 {[%emt 0:00:00] [#]} 44. Rb4 $3 {[%emt 0:00:33][%mdl 512] Intending Rxc4+ and mate.} e3 {Black got outplayed after the opening.  Weighted Error Value: White=0.17 (very precise) /Black=0.38} (44... Rxa7 45. Rxd4) 1-0

[Event "Czech Open-GM 2022"]
[Site "Pardubice"]
[Date "2022.07.27"]
[Round "6.13"]
[White "Strebkovs, Andrejs"]
[Black "Jurcik, Marian"]
[Result "1/2-1/2"]
[ECO "B15"]
[WhiteElo "2283"]
[BlackElo "2409"]
[Annotator "TA"]
[PlyCount "52"]
[EventDate "2022.07.22"]
[EventType "swiss"]
[EventCountry "CZE"]
[SourceTitle "playchess.com"]
[Source "ChessBase"]
[SourceQuality "1"]
[TimeControl "40/5400+30:1800+30"]

1. e4 c6 2. d4 d5 3. Nd2 dxe4 4. Nxe4 Nf6 5. Nxf6+ exf6 6. c3 Bd6 7. Bd3 Be6 8. Ne2 Qc7 9. Qc2 Nd7 {[%emt 0:03:50] B15: Caro-Kann: 3 Nc3: 3...g6 and 3...dxe4 4 Nxe4 Nf6 5 Nxf6+ exf6.} 10. g3 (10. c4 $16) 10... O-O-O 11. Bf4 Bd5 {[%emt 0:06:00] [#] The position is equal.} 12. O-O $146 ({Predecessor:} 12. Bxd6 Qxd6 13. Rg1 Nb6 14. a3 Qc7 15. O-O-O h6 16. Nf4 c5 17. Nxd5 Rxd5 18. Be4 {1-0 (41) Eggleston,D (2140)-Heaton,R (2112) Ampleforth 2003}) 12... h5 13. Bxd6 Qxd6 14. Nf4 h4 15. Be4 hxg3 16. fxg3 Bxe4 (16... Bc4 $5 ) 17. Qxe4 Rde8 18. Qf3 f5 19. Rae1 g6 20. Nd3 Re6 21. Re2 Nf6 22. Ne5 Qe7 23. Rfe1 {[%emt 0:00:47][%cal Oe5g6] Nxg6! is the strong threat.} Ne4 {[%emt 0:01:12] [#]} (23... Qc7 $1 $11) 24. Nxf7 $1 $14 {[%emt 0:07:15] White is slightly better.} Qxf7 25. Rxe4 Rxe4 26. Rxe4 {[%emt 0:00:04][%mdl 64] Pin} Qxa2 {[%emt 0:00:29] Weighted Error Value: White=0.14 (very precise) /Black=0.15 (very precise)} 1/2-1/2

[Event "Czech Open-GM 2022"]
[Site "Pardubice"]
[Date "2022.07.27"]
[Round "6.14"]
[White "Goroshkov, Maksym"]
[Black "Sorensen, Hampus"]
[Result "1/2-1/2"]
[ECO "B50"]
[WhiteElo "2240"]
[BlackElo "2376"]
[Annotator "TA"]
[PlyCount "110"]
[EventDate "2022.07.22"]
[EventType "swiss"]
[EventCountry "CZE"]
[SourceTitle "playchess.com"]
[Source "ChessBase"]
[SourceQuality "1"]
[TimeControl "40/5400+30:1800+30"]

1. Nf3 c5 2. e4 d6 3. c3 Nf6 4. Bc4 e6 5. d3 Be7 6. O-O {[%emt 0:00:25] B50: Sicilian: 2...d6, Miscellaneous.} O-O 7. Bb3 Nc6 8. h3 {[%emt 0:03:02] The position is equal.} b5 9. Bf4 e5 10. Bg5 Rb8 11. Nbd2 {[%emt 0:03:32] [#]} h6 $146 ({Predecessor:} 11... a5 12. Re1 a4 13. Bc2 Qa5 14. c4 Nb4 15. b3 Bd7 16. cxb5 Nxc2 17. Qxc2 Bxb5 18. Nc4 Qa6 {0-1 (68) Allen,A (1927)-Sanchez,R (2036) Managua 2011}) 12. Bxf6 Bxf6 13. Re1 Be6 14. Nf1 Qd7 15. Ne3 Ne7 16. d4 c4 {[%emt 0:06:43] And now ...exd4 would win.} 17. Bc2 (17. d5 $5 cxb3 18. dxe6 fxe6 19. axb3 $11) 17... Qc8 18. Nd5 (18. Qd2 $11) 18... Nxd5 $15 19. exd5 Bxd5 20. Nxe5 Qb7 (20... dxe5 $15 21. dxe5 Rd8 $1 22. exf6 Bxg2 $1) 21. Ng4 $11 Bg5 22. Ne3 Bxe3 23. Rxe3 Rbe8 24. Qg4 ({White should try} 24. Rg3 $11) 24... Rxe3 $15 25. fxe3 Re8 {[%emt 0:00:25] Prevents e4.} 26. Re1 Be4 27. Bxe4 Rxe4 {[%emt 0:00:17][%mdl 4096] Endgame KQR-KQR} 28. Qf5 d5 29. a3 Re6 (29... g6 {keeps more tension.} 30. Qf6 Qd7 31. g4 Re6) 30. Re2 (30. Qf4 $11 {was preferrable.}) 30... a6 31. Qh5 Qd7 32. Qf5 Qb7 33. Qh5 Kh7 34. Qf5+ g6 35. Qf3 Kg7 36. Qf4 Qe7 37. Qf3 {[%emt 0:03:08] [#]} Re4 $1 38. Kf2 Qe6 39. Ke1 h5 40. Kd2 f5 41. g3 a5 42. h4 Qd6 43. Ke1 Kh6 44. Kf2 Qe6 45. Kg2 Qe7 46. Kf2 Qb7 47. Kg2 Kh7 48. Kf2 b4 49. axb4 axb4 50. cxb4 (50. Qg2 $15 {is superior.}) 50... Qxb4 $17 {[%emt 0:00:00] Black is better.} 51. Kg2 Qb3 52. Kf2 Kg7 53. Qh1 Qa4 54. Rd2 Kf6 55. Re2 Kg7 {Weighted Error Value: White=0.10 (very precise) /Black=0.09 (flawless)} (55... Kf7 $17 56. Qc1 Re6) 1/2-1/2

[Event "Czech Open-GM 2022"]
[Site "Pardubice"]
[Date "2022.07.27"]
[Round "6.15"]
[White "Luch, Michal"]
[Black "Smolik, Jachym"]
[Result "1-0"]
[ECO "E36"]
[WhiteElo "2375"]
[BlackElo "2291"]
[Annotator "TA"]
[PlyCount "57"]
[EventDate "2022.07.22"]
[EventType "swiss"]
[EventCountry "CZE"]
[SourceTitle "playchess.com"]
[Source "ChessBase"]
[SourceQuality "1"]
[TimeControl "40/5400+30:1800+30"]

1. d4 Nf6 2. c4 e6 3. Nc3 Bb4 4. Qc2 d5 5. a3 Bxc3+ 6. Qxc3 c5 {[%emt 0:00:49] E36: Nimzo-Indian: Classical: 4...d5 5 a3.} 7. dxc5 d4 8. Qg3 {[%emt 0:00:02] The main line 8.Qg3 scores better than 8.Qc2.} Nc6 {[%emt 0:00:35] White is slightly better.} 9. Nf3 e5 10. e4 {[%emt 0:10:11] is the legacy move (10.b4).} ({Better is} 10. b4 $14) 10... O-O 11. Bd3 Nd7 (11... Nh5 $11 12. Qg5 Qxg5 13. Bxg5 Bg4) 12. b4 $14 a5 $1 13. Rb1 {[%emt 0:21:06] White is more active.} axb4 14. axb4 Ra4 {[%emt 0:01:56] [#]} 15. Bd2 $146 (15. Bh6 $14 Qf6 16. Bd2 (16. Bg5 Qe6 $11)) ({Predecessor:} 15. Bh6 g6 16. Bxf8 Qxf8 17. O-O Nxb4 18. Nxe5 Nxc5 19. Be2 Nxe4 20. Qf4 Nc3 21. Rb2 {1-0 (32) Svane,R (2509)-Esen,B (2571) Moscow 2015}) 15... Ra3 $1 $15 {[%emt 0:04:05][%mdl 1024] Black has compensation.} 16. Bc2 f5 ({Black should try} 16... Nf6 $15 17. Qh4 Be6) 17. O-O $2 (17. exf5 e4 18. Bxe4 Qe8 $17) (17. b5 $1 $11 d3 18. Bd1) 17... d3 (17... f4 $19 18. Qg4 Nxc5 $1) 18. Bd1 $11 {[%emt 0:00:02] exf5 is the strong threat.} ({But not} 18. Bh6 Rf7 19. Rb3 (19. Bg5 $2 dxc2 20. Bxd8 cxb1=Q $19) 19... f4 $17) 18... Nf6 19. Bg5 $1 f4 ({Resist} 19... Nxe4 20. Bxd8 Nxg3 21. hxg3 $14) 20. Qh4 Qc7 (20... Qe8 $5 ) 21. Bxf6 Rxf6 22. Qh5 Qe7 23. b5 Rh6 24. Qg5 Qxg5 25. Nxg5 Na5 (25... Nd4 $11 {keeps the balance.}) 26. Nf3 {[%emt 0:00:11] aiming for Rb4.} Re6 (26... Nxc4 $2 27. Bb3 $18) 27. Nd2 {[%emt 0:00:44] Threatens to win with Bg4.} (27. Rb4 $5 ) 27... Re8 $2 {[%emt 0:00:53] [#]} (27... Ra2 $14) 28. Bh5 $1 $18 g6 {[%emt 0:00:07] Strongly threatening ...Ra2.} 29. Ra1 {Inhibits Ra2.  Weighted Error Value: White=0.26 (precise) /Black=0.29 (precise)} 1-0

[Event "Czech Open-GM 2022"]
[Site "Pardubice"]
[Date "2022.07.27"]
[Round "6.16"]
[White "Aradhya, Garg"]
[Black "Svanda, Ondrej"]
[Result "1-0"]
[ECO "E46"]
[WhiteElo "2229"]
[BlackElo "2363"]
[Annotator "TA"]
[PlyCount "171"]
[EventDate "2022.07.22"]
[EventType "swiss"]
[EventCountry "CZE"]
[SourceTitle "playchess.com"]
[Source "ChessBase"]
[SourceQuality "1"]
[TimeControl "40/5400+30:1800+30"]

1. d4 Nf6 2. c4 e6 3. Nc3 Bb4 4. e3 O-O 5. Bd2 d5 6. Nf3 b6 7. Qc2 {E51: Nimzo-Indian: Rubinstein: 4...0-0 5 Nf3 d5.} Bb7 8. cxd5 exd5 9. Bd3 {The position is equal.} Nbd7 10. a3 Be7 11. b4 {[#]} a5 $146 ({Predecessor:} 11... Rc8 12. Ne5 c5 13. Nxd7 Nxd7 14. Bxh7+ Kh8 15. Bf5 Bf6 16. Qd3 g6 17. Bg4 cxd4 18. exd4 {1-0 (68) Rys,T (1902)-Leja,A (2117) Rzeszow 2008}) 12. Rb1 axb4 13. axb4 Re8 14. O-O Bf8 (14... c6 $11) 15. Rfc1 (15. Ng5 $14 g6 16. Rfc1) 15... g6 16. Ne2 Bd6 17. Bb5 Ne4 18. Be1 Rc8 19. Bc6 Bxc6 20. Qxc6 Nb8 21. Qa4 c6 (21... Nd7 $11) 22. b5 $16 c5 {[#]} 23. dxc5 $1 Bxc5 24. Qb3 Ng5 25. Ned4 Ne4 26. Rd1 Nf6 27. Ra1 Qc7 28. Qb2 Nbd7 29. Nc6 {Against Ne5} Qd6 30. Qa2 Qf8 (30... Nb8 $14) 31. Qb3 Ra8 32. Bc3 Qd6 {Inhibits Nfe5.} 33. Nb4 {White is much more active.} (33. Bb2 $142) 33... Rxa1 34. Rxa1 Bxb4 35. Qxb4 Nc5 36. Ra7 Qb8 (36... Nfe4 $14) 37. Ra3 Nce4 38. g3 Rc8 39. Bxf6 Nxf6 40. Qe7 (40. Nd4 $14 Rc1+ 41. Kg2) 40... Qc7 $11 41. Qxc7 Rxc7 {[%mdl 4096] Endgame KRN-KRN} 42. Nd4 Ne4 43. Ra1 Rc5 44. Ra8+ Kg7 45. Ra7 Kf8 46. Kg2 Nc3 47. Rb7 Nxb5 48. Nf3 Nd6 49. Rxb6 Ne4 50. Rb2 {Against Rc2} Kg7 51. g4 h6 52. Ne5 Rc7 {Prevents Rb7.} 53. h4 Re7 54. Nc6 Rc7 55. Nd4 Ra7 56. Rc2 Ra3 57. Ne2 Ra4 58. f3 Nd6 59. Kf2 h5 60. Rc6 Ne8 ({Better is} 60... Nc4 $11) 61. Rc8 Nf6 62. g5 Ng8 63. Rc7 Kf8 64. Nd4 Ne7 65. Rb7 Nf5 66. Nxf5 gxf5 $14 {KR-KR} 67. Rd7 (67. Kg3 $14) 67... f4 $11 68. exf4 Rxf4 69. Kg3 Rd4 70. Rd6 Kg7 71. Rh6 Rd1 72. Rxh5 {[#] aiming for Rh6.} d4 73. Rh6 {Black must now prevent Rd6.} d3 {...d2 is the strong threat.} 74. Rd6 {And now h5 would win.} d2 {Threatens to win with ...Rg1+.} 75. Kg2 {Prevents Rg1+. Hoping for h5.} Kh7 $2 (75... f6 $11 76. f4 (76. gxf6+ Kf7 $16) 76... Kh7) 76. h5 $18 Kg7 77. Rd8 Kh7 78. Rd7 Kg7 79. Rd8 Kh7 80. Rd6 Kg7 81. Rd7 {White is clearly winning.} Kg8 82. h6 Kh8 83. f4 Kg8 84. f5 Kf8 85. g6 {g7+ would kill now.} Ke8 86. Rd3 {Weighted Error Value: White=0.09 (flawless) /Black=0.11 (very precise)} 1-0

[Event "Czech Open-GM 2022"]
[Site "Pardubice"]
[Date "2022.07.27"]
[Round "6.17"]
[White "Nemec, Jachym"]
[Black "Savitha Shri B"]
[Result "0-1"]
[ECO "D11"]
[WhiteElo "2357"]
[BlackElo "2278"]
[Annotator "TA"]
[PlyCount "128"]
[EventDate "2022.07.22"]
[EventType "swiss"]
[EventCountry "CZE"]
[SourceTitle "playchess.com"]
[Source "ChessBase"]
[SourceQuality "1"]
[TimeControl "40/5400+30:1800+30"]

1. d4 d5 2. c4 c6 3. Nf3 Nf6 4. Qc2 e6 5. Bg5 Nbd7 6. g3 {D30: Queen's Gambit Declined: Systems without Nc3.} h6 7. Bf4 {[#]} c5 $146 ({Predecessor:} 7... Ne4 8. Bg2 Ndf6 9. O-O Be7 10. Nbd2 Nxd2 11. Nxd2 Nh5 12. Be5 O-O 13. Bf3 Nf6 14. cxd5 exd5 {1-0 (35) Lima,L (101)-Ibanez Iglesias,J (1998) Montevideo 2013}) 8. Bg2 {The position is equal.} cxd4 9. O-O Be7 10. Rd1 O-O 11. Rxd4 (11. cxd5 $11 Nxd5 12. Nxd4) 11... Bc5 $17 12. Rd1 Ng4 13. Rf1 Qb6 {And now ...e5 would win.} 14. e3 (14. cxd5 $17 {keeps fighting.} g5 15. Bd2 (15. Bxg5 $2 Bxf2+ 16. Kh1 hxg5 $19) 15... Bxf2+ 16. Kh1) 14... e5 $1 $19 15. Nxe5 Ngxe5 16. cxd5 Ng6 17. Nd2 Nxf4 18. gxf4 Qd8 19. Ne4 Bb6 20. a4 a5 21. Rfd1 Nf6 22. Nc3 Ng4 23. h3 {[#]} Nxe3 24. fxe3 Bxe3+ 25. Kh1 Bxf4 {White must now prevent ...Qh4. This bishop pair is nice.} 26. Qf2 {Inhibits Qh4.} Bd6 27. Nb5 f5 28. Rd3 Rf6 29. Re1 Bd7 30. Re6 {[#]} (30. Nxd6 $142 Rxd6 31. Rc3) 30... Bxb5 ({Weaker is} 30... Bxe6 31. dxe6 Ra6 32. Qd2 $14) (30... Bc5 $1 $19 31. Qf1 (31. Qf3 Bxe6) 31... Qf8) 31. axb5 $17 Rc8 32. Rd1 {Against Rc1} f4 (32... Rc5 $17 33. Qe2 Kh7) 33. Qe2 Rf8 (33... b6 $15) 34. Bf3 Rc7 35. Qg2 Rf6 {Inhibits Qg6.} 36. Qe2 Re7 {Prevents Re8+.} 37. Re1 Rexe6 (37... Qc8 {feels hotter.} 38. Bg4 f3 39. Rxe7 fxe2 40. Bxc8 Rf1+) 38. dxe6 Qe7 39. Qc4 (39. Qe4 $11) 39... Rf8 40. Rd1 {[%cal Od1d6] Strongly threatening Rxd6!} Kh8 $1 41. Qd5 (41. Qe4 $15) 41... Bb4 42. Qe4 Qh4 $36 {[%mdl 2048] Black is on the roll.} 43. Bg2 Be7 {[%cal Of4f3] aiming for ...f3!} 44. Rf1 ({White should try} 44. Bf1) 44... b6 45. b3 Qg5 46. Qd5 Qf6 47. Qe4 Bd6 48. Qe2 Re8 49. Bd5 Qf5 50. Qf3 Rc8 51. Rd1 Qe5 {Hoping for ...Rc3.} 52. Qe4 Qb2 $2 (52... Qc3 $17 {and life is bright.} 53. Qf5 g6) 53. e7 $18 Re8 (53... Qe5 $2 54. Qxe5 Bxe5 55. Bf7 $18) 54. Qf3 $4 (54. Qg6 $18 {is the narrow road to win.} Rxe7 55. Qxd6) 54... Rxe7 {( -> ...Re2)} 55. Bc4 {Against Re2. Qa8+ would kill now.} Qe5 56. Qc6 (56. h4 {was worth a try.}) 56... Bc7 $19 {[%cal Of4f3] Threatens to win with ...f3!} 57. Qf3 Re8 58. Bf7 Rf8 ({Stronger than} 58... Qxb5 59. Bxe8 Qxe8 60. Rd4 $11) 59. Bc4 Bd6 60. Qd5 {[#]} Qxd5+ 61. Rxd5 Bc5 62. Kg2 f3+ 63. Kf1 f2 64. Kg2 $2 (64. h4) 64... f1=Q+ {Weighted Error Value: White=0.34/Black=0.22 (precise)} 0-1